MWL (24 & UNDER)
EVANSTON ELITISTS @ MINNESOTA DEATH STARS
04/22/2028
 
TOP OF THE 1ST
Evanston Elitists batting - Pitching for Minnesota Death Stars : RHP Roy Jordan
Pitching: RHP Roy Jordan
Batting: LHB Jean-Sébastien Beaudin 0-0: Called Strike
0-1: Foul Ball, location: 2F
0-2: Ball
1-2: Ball
2-2: Ball
3-2: Foul Ball, location: 2F
3-2: Base on Balls
Batting: LHB Alberto Varela 0-0: Ball
1-0: Foul Ball, location: 2F
1-1: Swinging Strike
1-2: Strikes out looking
Batting: RHB Wilfred Martin 0-0: Ball
1-0: Ball
2-0: DOUBLE (Line Drive, 89XD)
Jean-Sébastien Beaudin to third
Runner from 3rd tries for Home, SAFE, no throw
Batting: LHB Luis Rodríguez 0-0: SINGLE (Line Drive, 89S)
Wilfred Martin to third
Batting: RHB Miguel Toro 0-0: Foul Ball, location: 2F
0-1: Ball
1-1: SINGLE (Groundball, 4D)
Wilfred Martin scores
Luis Rodríguez to second
Runner from 2nd tries for 3rd, SAFE, throw made to third
Miguel Toro to second
Batting: SHB Jacob Wilcox 0-0: Called Strike
0-1: 3-RUN HOME RUN (Line Drive, 89XD), Distance : 415 ft
Batting: RHB António Martínez 0-0: Foul Ball, location: 2F
0-1: Foul Ball, location: 2F
0-2: Foul Ball, location: 2F
0-2: Ball
1-2: Ball
2-2: Ball
3-2: Fly out, F9 (Flyball, 9LS)
Batting: RHB Jorge Calderón 0-0: Ball
1-0: Swinging Strike
1-1: Ball
2-1: Foul Ball, location: 2F
2-2: Ground out 6-3 (Groundball, 6)
Top of the 1st over - 5 run(s), 4 hit(s), 0 error(s), 0 left on base; Evanston 5 - Minnesota 0
BOTTOM OF THE 1ST
Minnesota Death Stars batting - Pitching for Evanston Elitists : RHP Luis Castillo
Pitching: RHP Luis Castillo
Batting: RHB Alfredo Villegas 0-0: Called Strike
0-1: Fly out, F7 (Flyball, 7)
Batting: LHB William Harris 0-0: Ball
1-0: Ball
2-0: Ball
3-0: Called Strike
3-1: Base on Balls
Batting: RHB William Robinson 0-0: Foul Ball, location: 2F
0-1: Called Strike
0-2: Foul Ball, location: 2F
0-2: Ball
1-2: Strikes out swinging
Batting: LHB Rob Davidson 0-0: Ball
1-0: Ball
2-0: Fielders Choice at 2nd, 4-6 (Groundball, 34)
Bottom of the 1st over - 0 run(s), 0 hit(s), 0 error(s), 0 left on base; Evanston 5 - Minnesota 0
TOP OF THE 2ND
Evanston Elitists batting - Pitching for Minnesota Death Stars : RHP Roy Jordan
Batting: RHB Carlos Miranda 0-0: Called Strike
0-1: Ball
1-1: Ball
2-1: Called Strike
2-2: Strikes out looking
Batting: LHB Jean-Sébastien Beaudin 0-0: Foul Ball, location: 2F
0-1: Ball
1-1: Ball
2-1: Ball
3-1: Foul Ball, location: 2F
3-2: Base on Balls
Batting: LHB Alberto Varela 0-0: Fielders Choice at 2nd, 4-6 (Groundball, 4)
Batting: RHB Wilfred Martin 0-0: Ball
1-0: Ball
2-0: Called Strike
2-1: Called Strike
2-2: Ball
3-2: Strikes out swinging
Top of the 2nd over - 0 run(s), 0 hit(s), 0 error(s), 1 left on base; Evanston 5 - Minnesota 0
BOTTOM OF THE 2ND
Minnesota Death Stars batting - Pitching for Evanston Elitists : RHP Luis Castillo
Batting: RHB Sidney Smith 0-0: Foul Ball, location: 2F
0-1: Foul Ball, location: 2F
0-2: Strikes out looking
Batting: RHB Sean White 0-0: Ball
1-0: Ball
2-0: Called Strike
2-1: Foul Ball, location: 2F
2-2: Foul Ball, location: 2F
2-2: Foul Ball, location: 2F
2-2: Fly out, F7 (Flyball, 78M)
Batting: LHB Tim Griffith 0-0: Ball
1-0: Swinging Strike
1-1: Ball
2-1: Called Strike
2-2: Ball
3-2: Strikes out looking
Bottom of the 2nd over - 0 run(s), 0 hit(s), 0 error(s), 0 left on base; Evanston 5 - Minnesota 0
TOP OF THE 3RD
Evanston Elitists batting - Pitching for Minnesota Death Stars : RHP Roy Jordan
Batting: LHB Luis Rodríguez 0-0: Swinging Strike
0-1: Swinging Strike
0-2: TRIPLE (Line Drive, 9)
Batting: RHB Miguel Toro 0-0: Foul Ball, location: 2F
0-1: Ball
1-1: Ball
2-1: Swinging Strike
2-2: Foul Ball, location: 2F
2-2: Foul Ball, location: 2F
2-2: Foul Ball, location: 2F
2-2: Ground out 4-3 (Groundball, 4)
Luis Rodríguez scores
Batting: SHB Jacob Wilcox 0-0: Called Strike
0-1: Ground out U3 (Groundball, 34S)
Batting: RHB António Martínez 0-0: Foul Ball, location: 2F
0-1: Called Strike
0-2: Foul Ball, location: 2F
0-2: Ball
1-2: Foul Ball, location: 2F
1-2: Strikes out swinging
Top of the 3rd over - 1 run(s), 1 hit(s), 0 error(s), 0 left on base; Evanston 6 - Minnesota 0
BOTTOM OF THE 3RD
Minnesota Death Stars batting - Pitching for Evanston Elitists : RHP Luis Castillo
Batting: LHB Shannon Hunter 0-0: Ball
1-0: Foul Ball, location: 2F
1-1: Ground out 4-3 (Groundball, 34)
Batting: LHB Pancho Hernández 0-0: Foul Ball, location: 2F
0-1: Ball
1-1: Foul Ball, location: 2F
1-2: Strikes out swinging
Batting: RHB Alfredo Villegas 0-0: Ball
1-0: Called Strike
1-1: Foul Ball, location: 2F
1-2: TRIPLE (Line Drive, 7LS)
Batting: LHB William Harris 0-0: Ground out 4-3 (Groundball, 34)
Bottom of the 3rd over - 0 run(s), 1 hit(s), 0 error(s), 1 left on base; Evanston 6 - Minnesota 0
TOP OF THE 4TH
Evanston Elitists batting - Pitching for Minnesota Death Stars : RHP Roy Jordan
Batting: RHB Jorge Calderón 0-0: Called Strike
0-1: Ball
1-1: Ball
2-1: Ball
3-1: Base on Balls
Batting: RHB Carlos Miranda 0-0: Ball
1-0: Called Strike
1-1: Swinging Strike
1-2: Ball
2-2: Strikes out swinging
Batting: LHB Jean-Sébastien Beaudin 0-0: Ball
1-0: SINGLE (Flyball, 8LS)
Jorge Calderón to second
Batting: LHB Alberto Varela 0-0: Called Strike
0-1: Ball
1-1: Ball
2-1: SINGLE (Line Drive, 8RS)
Jorge Calderón to third
Jean-Sébastien Beaudin to second
Pitching: RHP Luis García
Batting: RHB Wilfred Martin 0-0: Foul Ball, location: 2F
0-1: Called Strike
0-2: Ball
1-2: Grounds into double play, 5-4-3 (Groundball, 56)
Top of the 4th over - 0 run(s), 2 hit(s), 0 error(s), 2 left on base; Evanston 6 - Minnesota 0
BOTTOM OF THE 4TH
Minnesota Death Stars batting - Pitching for Evanston Elitists : RHP Luis Castillo
Batting: RHB William Robinson 0-0: Called Strike
0-1: Ground out 6-3 (Groundball, 6)
Batting: LHB Rob Davidson 0-0: Ball
1-0: Ball
2-0: Ball
3-0: Base on Balls
Batting: RHB Sidney Smith 0-0: Fielders Choice at 2nd, 6-4 (Groundball, 6)
Batting: RHB Sean White 0-0: Ball
Throwing error on steal attempt, E2
Sidney Smith to third
1-0: Called Strike
1-1: Foul Ball, location: 2F
1-2: Ball
2-2: Strikes out looking
Bottom of the 4th over - 0 run(s), 0 hit(s), 1 error(s), 1 left on base; Evanston 6 - Minnesota 0
TOP OF THE 5TH
Evanston Elitists batting - Pitching for Minnesota Death Stars : RHP Luis García
Batting: LHB Luis Rodríguez 0-0: Swinging Strike
0-1: Swinging Strike
0-2: Strikes out swinging
Batting: RHB Miguel Toro 0-0: Ground out 6-3 (Groundball, 6)
Batting: SHB Jacob Wilcox 0-0: Fly out, F7 (Flyball, 78M)
Top of the 5th over - 0 run(s), 0 hit(s), 0 error(s), 0 left on base; Evanston 6 - Minnesota 0
BOTTOM OF THE 5TH
Minnesota Death Stars batting - Pitching for Evanston Elitists : RHP Luis Castillo
Batting: LHB Tim Griffith 0-0: Called Strike
0-1: Ball
1-1: Called Strike
1-2: Foul Ball, location: 2F
1-2: Foul Ball, location: 2F
1-2: Ball
2-2: Foul Ball, location: 2F
2-2: Ball
3-2: Foul Ball, location: 2F
3-2: Ground out 6-3 (Groundball, 6)
Batting: LHB Shannon Hunter 0-0: Ball
1-0: Foul Ball, location: 2F
1-1: Ball
2-1: Ball
3-1: Called Strike
3-2: SINGLE (Line Drive, 34D)
Batting: LHB Pancho Hernández 0-0: SINGLE (Line Drive, 9LS)
Shannon Hunter to second
Batting: RHB Alfredo Villegas 0-0: Foul Ball, location: 2F
0-1: Ball
1-1: Fielders Choice at 2nd, 1-6 (Groundball, P)
Shannon Hunter to third
Batting: LHB William Harris 0-0: Called Strike
0-1: SINGLE (Flyball, 7LS)
Shannon Hunter scores
Alfredo Villegas to second
Runner from 2nd tries for 3rd, SAFE, no throw
Batting: RHB William Robinson 0-0: Ball
1-0: Fielders Choice at 2nd, 4-6 (Groundball, 4)
Bottom of the 5th over - 1 run(s), 3 hit(s), 0 error(s), 1 left on base; Evanston 6 - Minnesota 1
TOP OF THE 6TH
Evanston Elitists batting - Pitching for Minnesota Death Stars : RHP Luis García
Batting: RHB António Martínez 0-0: Ball
1-0: Foul Ball, location: 2F
1-1: Ground out 5-3 (Groundball, 56)
Batting: RHB Jorge Calderón 0-0: Called Strike
0-1: Ground out 5-3 (Groundball, 56S)
Batting: RHB Carlos Miranda 0-0: Called Strike
0-1: Ball
1-1: Foul Ball, location: 2F
1-2: Foul Ball, location: 2F
1-2: Foul Ball, location: 2F
1-2: Foul Ball, location: 2F
1-2: Ball
2-2: Foul Ball, location: 2F
2-2: Ground out U3 (Groundball, 34)
Top of the 6th over - 0 run(s), 0 hit(s), 0 error(s), 0 left on base; Evanston 6 - Minnesota 1
BOTTOM OF THE 6TH
Minnesota Death Stars batting - Pitching for Evanston Elitists : RHP Luis Castillo
Batting: LHB Rob Davidson 0-0: Called Strike
0-1: Ball
1-1: Ball
2-1: Swinging Strike
2-2: SINGLE (Groundball, 34D)
Batting: RHB Sidney Smith 0-0: Ball
1-0: Ball
2-0: Foul Ball, location: 2F
2-1: Foul Ball, location: 2F
2-2: Grounds into double play, 6-4-3 (Groundball, 6)
Batting: RHB Sean White 0-0: Called Strike
0-1: Foul Ball, location: 2F
0-2: Ball
1-2: Strikes out swinging
Bottom of the 6th over - 0 run(s), 1 hit(s), 0 error(s), 0 left on base; Evanston 6 - Minnesota 1
TOP OF THE 7TH
Evanston Elitists batting - Pitching for Minnesota Death Stars : RHP Luis García
Batting: LHB Jean-Sébastien Beaudin 0-0: Called Strike
0-1: Fly out, F5 (Popup, 5L)
Batting: LHB Alberto Varela 0-0: Ball
1-0: Fly out, F6 (Line Drive, 6M)
Batting: RHB Wilfred Martin 0-0: Ball
1-0: Called Strike
1-1: Ball
2-1: Ball
3-1: Called Strike
3-2: Base on Balls
Batting: LHB Luis Rodríguez 0-0: Called Strike
0-1: Foul Ball, location: 2F
0-2: Ball
1-2: Foul Ball, location: 2F
1-2: DOUBLE (Line Drive, 7LM)
Wilfred Martin to third
Runner from 3rd tries for Home, throw and OUT!
Top of the 7th over - 0 run(s), 1 hit(s), 0 error(s), 1 left on base; Evanston 6 - Minnesota 1
BOTTOM OF THE 7TH
Minnesota Death Stars batting - Pitching for Evanston Elitists : RHP Luis Castillo
Pitching: RHP Lorne McCoy
Now in LF: Luis López
Batting: LHB Tim Griffith 0-0: Foul Ball, location: 2F
0-1: Ball
1-1: Foul Ball, location: 2F
1-2: Foul Ball, location: 2F
1-2: Foul Ball, location: 2F
1-2: Ball
2-2: Foul Ball, location: 2F
2-2: Ball
3-2: Fly out, F7 (Flyball, 7LM)
Batting: LHB Shannon Hunter 0-0: Ball
1-0: SINGLE (Groundball, 34D)
Batting: LHB Pancho Hernández 0-0: Called Strike
0-1: SINGLE (Line Drive, 9LS)
Shannon Hunter to second
Batting: RHB Alfredo Villegas 0-0: Called Strike
0-1: Called Strike
0-2: Strikes out swinging
Batting: LHB William Harris 0-0: Fly out, F5 (Line Drive, 56)
Bottom of the 7th over - 0 run(s), 2 hit(s), 0 error(s), 2 left on base; Evanston 6 - Minnesota 1
TOP OF THE 8TH
Evanston Elitists batting - Pitching for Minnesota Death Stars : RHP Luis García
Batting: RHB Miguel Toro 0-0: Ground out 6-3 (Groundball, 6)
Batting: SHB Jacob Wilcox 0-0: SINGLE (Line Drive, 7S)
Batting: RHB António Martínez 0-0: Swinging Strike
0-1: Foul Ball, location: 2F
0-2: Ball
1-2: Fly out, F7 (Flyball, 7LSF)
Batting: RHB Jorge Calderón 0-0: Called Strike
0-1: Ball
1-1: Foul Ball, location: 2F
1-2: Foul Ball, location: 2F
1-2: SINGLE (Line Drive, 4D)
Jacob Wilcox to second
Batting: RHB Carlos Miranda 0-0: Fly out, F7 (Flyball, 78M)
Top of the 8th over - 0 run(s), 2 hit(s), 0 error(s), 2 left on base; Evanston 6 - Minnesota 1
BOTTOM OF THE 8TH
Minnesota Death Stars batting - Pitching for Evanston Elitists : RHP Lorne McCoy
Batting: RHB William Robinson 0-0: Ball
1-0: Ground out 4-3 (Groundball, 4S)
Batting: LHB Rob Davidson 0-0: Called Strike
0-1: Fly out, F7 (Flyball, 7S)
Batting: RHB Sidney Smith 0-0: Called Strike
0-1: Ball
1-1: Foul Ball, location: 2F
1-2: Strikes out swinging
Bottom of the 8th over - 0 run(s), 0 hit(s), 0 error(s), 0 left on base; Evanston 6 - Minnesota 1
TOP OF THE 9TH
Evanston Elitists batting - Pitching for Minnesota Death Stars : RHP Luis García
Pitching: RHP Raymond Gibbons
Batting: RHB Luis López 0-0: Ball
1-0: Ball
2-0: Ball
3-0: Called Strike
3-1: Called Strike
3-2: Foul Ball, location: 2F
3-2: Foul Ball, location: 2F
3-2: Foul Ball, location: 2F
3-2: Fly out, F4 (Line Drive, 4)
Batting: LHB Alberto Varela 0-0: Ball
1-0: Ball
2-0: Swinging Strike
2-1: Fly out, F5 (Popup, 5S)
Batting: RHB Wilfred Martin 0-0: Ball
1-0: Called Strike
1-1: Swinging Strike
1-2: Ball
2-2: Ground out 4-3 (Groundball, 34)
Top of the 9th over - 0 run(s), 0 hit(s), 0 error(s), 0 left on base; Evanston 6 - Minnesota 1
BOTTOM OF THE 9TH
Minnesota Death Stars batting - Pitching for Evanston Elitists : RHP Lorne McCoy
Batting: RHB Sean White 0-0: Foul Ball, location: 2F
0-1: Ball
1-1: Ball
2-1: Fly out, F8 (Flyball, 8RM)
Batting: LHB Tim Griffith 0-0: Fly out, F8 (Line Drive, 8RM)
Batting: LHB Shannon Hunter 0-0: Called Strike
0-1: Called Strike
0-2: Ball
1-2: Strikes out swinging
Bottom of the 9th over - 0 run(s), 0 hit(s), 0 error(s), 0 left on base; Evanston 6 - Minnesota 1
Tuesday, August 8th, 2017 - OOTP Baseball 17.12 Build 75